 Dungeon Crawl Stone Soup version 0.27-a0-1595-g0b823d0a13 (webtiles) character file.

Game seed: 5063016948318318751

252 pkoi the Ruffian (level 5, 0/40 HPs)
             Began as a Draconian Transmuter on July 20, 2021.
             Slain by an iguana (8 damage)
             ... on level 4 of the Dungeon.
             The game lasted 00:04:19 (4121 turns).

pkoi the Ruffian (Draconian Transmuter)             Turns: 4121, Time: 00:04:20

Health: 0/40       AC:  5    Str: 13    XL:     5   Next: 89%
Magic:  7/8        EV: 12    Int: 13    God:
Gold:   202        SH:  0    Dex: 12    Spells: 4/8 levels left

rFire    . . .     SeeInvis .     - Unarmed
rCold    . . .     Faith    .   (no shield)
rNeg     . . .     Spirit   .   (armour unavailable)
rPois    .         Reflect  .   (helmet currently unavailable)
rElec    .         Harm     .   (no cloak)
rCorr    .         Rampage  .   (no gloves)
Will     .....                  (boots currently unavailable)
Stlth    +.........             (no amulet)
HPRegen  0.13/turn              (no ring)
MPRegen  0.11/turn              (no ring)

@: appendages
A: horns 2, talons 2, AC +5, unfitting armour, cold-blooded
a: End Transformation


You were on level 4 of the Dungeon.
You had temporarily grown beastly horns and talons.
You visited 1 branch of the dungeon, and saw 4 of its levels.

You collected 202 gold pieces.

Inventory:

Missiles
 l - a throwing net
Wands
 n - a wand of acid (6)
Scrolls
 a - a scroll of blinking {unknown}
 b - a scroll of holy word {unknown}
 c - a scroll of amnesia {unknown}
 e - a scroll of fear {unknown}
 g - a scroll of magic mapping {unknown}
 h - 3 scrolls of identify {unknown}
 k - a scroll of teleportation {unknown}
 m - a scroll of enchant armour {unknown}
Potions
 d - a potion of curing {unknown}
 f - a potion of mutation {unknown}
 i - a potion of invisibility {unknown}
 j - a potion of degeneration {unknown}


   Skills:
 - Level 1.1 Fighting
 - Level 1.7 Dodging
 + Level 5.6 Unarmed Combat
 - Level 2.0 Spellcasting
 + Level 4.0 Transmutations


You had 4 spell levels left.
You knew the following spells:

 Your Spells              Type           Power      Damage    Failure   Level
a - Beastly Appendage     Tmut           22%        N/A       4%          1
b - Spider Form           Tmut/Pois      3%         N/A       32%         3

Your spell library contained the following spells:

 Spells                   Type           Power      Damage    Failure   Level
 Wereblood                Tmut           11%        N/A       8%          2
 Passwall                 Tmut/Erth      5%         N/A       17%         2
 Sandblast                Erth           2%         2d4       26%         1
 Summon Small Mammal      Summ           4%         N/A       26%         1
 Static Discharge         Conj/Air       1%         N/A       36%         2
 Call Canine Familiar     Summ           1%         N/A       58%         3
 Summon Guardian Golem    Hex/Summ       1%         N/A       58%         3
 Ice Form                 Ice/Tmut       6%         N/A       73%         4
 Lee's Rapid Deconstruct  Erth           0%         3d5*      100%        5
 Lightning Bolt           Conj/Air       0%         1d11      100%        5
 Maxwell's Capacitive Co  Air            0%         ∞         100%        8


Dungeon Overview and Level Annotations

Branches:
Dungeon (4/15)
 Temple: D:4-7

Altars:
Okawaru

Annotations:
D:3 Grinder


Innate Abilities, Weirdness & Mutations

You have temporarily grown beastly horns and talons.
Your plain brown scales are hard. (AC +5)
You cannot fit into any form of body armour.
You are cold-blooded and may be slowed by cold attacks.


Message History

Confirm with . or Enter, or press ? or * to list all spells.
You grow a pair of large bovine horns.
Your feet morph into talons.
The worm closely misses you.
You hit the worm.
The worm is lightly wounded.
You barely miss the worm. You tail-slap the worm.
The worm is heavily wounded.
The worm bites you!
You barely miss the worm. You claw the worm. Your headbutt misses the worm.
The worm is heavily wounded.
You punch the worm!
You kill the worm!
You hear the slow rusting of a drain very nearby.
Your transformation is almost over.
Your horns disappear.
Your talons disappear.
You hear the slow rusting of a drain nearby.
An iguana comes into view.
Found an iron altar of Okawaru.
An iguana is nearby!
An iguana is nearby!
Casting: Beastly Appendage (safe; 4% risk of failure)
Confirm with . or Enter, or press ? or * to list all spells.
You grow a pair of large bovine horns.
Your feet morph into talons.
An endoplasm comes into view.
The iguana bites you!
You barely miss the iguana. You claw the iguana.
The iguana is moderately wounded.
You closely miss the iguana. Your kick misses the iguana.
You headbutt the iguana.
The iguana is heavily wounded.
The iguana bites you!
You barely miss the iguana.
The iguana is heavily wounded.
The iguana bites you!
* * * LOW HITPOINT WARNING * * *
You barely miss the iguana.
You tail-slap the iguana, but do no damage.
The iguana is heavily wounded.
The iguana bites you!
You die...

## ... ### #.. ...
#.# ##.### #.
#.##.....# ..
#.#....... ..
#.#....... ..
#####.@l..J... ..
##.....#....... #.
######...##.#.......
............##.....#
# ##......####.### #
##.##.........
#.##...#######
#.###### #.#


You could see an iguana and an endoplasm.

Vanquished Creatures
  A water moccasin skeleton (D:3)
  An iguana (D:3)
  An orc wizard (D:3)
  5 adders
  2 river rats
  5 worms
  2 dart slugs
  3 orcs
  4 ball pythons
  5 endoplasms
  3 giant cockroaches
  10 goblins
  5 hobgoblins
  4 jackals (D:2)
  2 quokkas
  5 bats
  A frilled lizard (D:1)
  3 kobolds (D:1)
  7 rats
69 creatures vanquished.

Vanquished Creatures (others)
  2 withered plants (D:4)
2 creatures vanquished.

Grand Total: 71 creatures vanquished

Notes
Turn   | Place    | Note
-------+----------+-------------------------------------------
     0 | D:1      | pkoi the Draconian Transmuter began the quest for the Orb.
     0 | D:1      | Reached XP level 1. HP: 16/16 MP: 3/3
   399 | D:1      | Reached XP level 2. HP: 18/23 MP: 5/5
   798 | D:1      | Reached skill level 4 in Unarmed Combat
  1515 | D:2      | Reached XP level 3. HP: 19/28 MP: 4/6
  1967 | D:2      | Found a faded altar of an unknown god.
  2472 | D:3      | Reached XP level 4. HP: 5/35 MP: 7/7
  2777 | D:3      | Learned a level 3 spell: Spider Form
  2992 | D:3      | Reached skill level 5 in Unarmed Combat
  2992 | D:3      | Reached XP level 5. HP: 33/40 MP: 6/8
  3859 | D:3      | Noticed Grinder
  4115 | D:4      | Found an iron altar of Okawaru.
  4121 | D:4      | Slain by an iguana

Illustrated notes

Levels and vault maps discovered:
D:1:      minmay_arrival_stair_chambers, layout_loops_ring, item_on_display_a
D:2:      layout_loops_ring, chequers_ecumenical_altar_simple_redux
D:3:      layout_basic, uniq_grinder
D:4:      kennysheep_goblin_castle, layout_loops_ring, old_standard_altar,
          minmay_temple_entry_mist, lightli_sewer_entry_pipes, serial_undead,
          serial_undead_f, serial_undead_d, serial_undead_e, serial_undead_d,
          serial_undead_e, serial_undead_e, serial_undead_a

Skill      XL: |  1  2  3  4  5 |
---------------+----------------+-----
Unarmed Combat | 4 5 |  5.6
Transmutations | 3 4 |  4.0
Fighting       | |  1.1
Dodging        | |  1.7
Spellcasting   | |  2.0

Action                   |  1- 3 |  4- 6 || total
-------------------------+-------+-------++-------
Melee: Unarmed           |   209 |   102 ||   311
       Tailslap          |    23 |    10 ||    33
       Kick              |    12 |    10 ||    22
       Punch             |     3 |     4 ||     7
       Headbutt          |     7 |     6 ||    13
 Cast: Beastly Appendage |     7 |     8 ||    15
       Spider Form       |       |     1 ||     1
 Stab: Sleeping          |     1 |       ||     1
Armor: Skin              |    49 |    24 ||    73
Dodge: Dodged            |    94 |    49 ||   143

Table legend: (Time is in decaauts)
 A = Elapsed time spent in this place.
 B = Non-inter-level travel time spent in this place.
 C = Inter-level travel time spent in this place.
 D = Time resting spent in this place.
 E = Time spent auto-exploring this place.
 F = Levels seen in this place.
 G = Mean time per level.
                   A        B        C        D        E       F      G
               +--------+--------+--------+--------+--------+-----+--------+
         Total |   4101 |   3991 |    110 |   1533 |   1740 |   4 | 1025.2 |
       Dungeon |   4101 |   3991 |    110 |   1533 |   1740 |   4 | 1025.2 |
               +--------+--------+--------+--------+--------+-----+--------+

Top non-repeatable levels by time:
     D:1: 1482 daAuts
     D:2: 1416 daAuts
     D:3: 1028 daAuts
     D:4: 174 daAuts
